Map: King's Cove LE

Players

Seamonsta

  • Race: Zerg Zerg
  • League: Diamond
  • Spawn Location: 11:00

Haans - Winner!

  • Race: Zerg Zerg
  • League: Diamond
  • Spawn Location: 5:00

VOD

Have the link to the VOD?

Description

Time

  • Played on: Jan. 29, 2019, 10:01 p.m.
  • Length: 19:11
Show
View Real Time Build Order
Export as new Build Order

Seamonsta Zerg 

Build Orders: Hatch First 

Get SALT Encoding   

  12  0:02  Drone  
  13  0:12  Overlord  
  13  0:18  Drone  
  14  0:30  Drone  
  14  0:31  Drone  
  16  0:50  Hatchery  
  16  0:52  Drone  
  16  0:56  Drone  
  17  1:00  Drone  
  18  1:12  Extractor  
  18  1:15  Spawning Pool  
  16  1:18  Drone  
  16  1:22  Drone  
  18  1:30  Drone  
  19  1:38  Overlord  
  19  2:02  Zergling x4  
  19  2:05  Queen  
  19  2:06  Zergling x2  
  24  2:11  Metabolic Boost  
  24  2:13  Queen  
  26  2:20  Drone  
  27  2:23  Drone x2  
  29  2:32  Baneling Nest  
  28  2:48  Overlord  
  28  2:50  Zergling x6  
  28  2:51  Zergling x2  
  32  3:08  Overlord  
  32  3:19  Drone x5  
  36  3:25  Overlord  
  35  3:29  Lair  
  35  3:40  Roach Warren, Drone  
  35  3:41  Drone  
  36  3:57  Drone x2  
  37  4:06  Drone x2  
  37  4:09  Drone  
  39  4:10  Drone x2  
  39  4:13  Overlord  
  39  4:14  Extractor, Drone x4  
  44  4:22  Zergling x2  
  44  4:23  Zergling x4  
  47  4:26  Zergling x2  
  48  4:34  Glial Reconstitution  
  48  4:48  Overlord  
  48  4:49  Drone x4  
  52  4:58  Zergling x4  
  54  5:02  Overseer  
  54  5:06  Hatchery  
  53  5:09  Roach  
  53  5:10  Roach x3  
  61  5:18  Spore Crawler  
  61  5:21  Roach x3  
  66  5:32  Roach  
  67  5:41  Overlord x2  
  67  5:46  Zergling x2  
  68  5:58  Overlord  
  68  6:00  Roach  
  68  6:01  Roach x6  
  82  6:06  Overlord  
  82  6:12  Roach  
  80  6:29  Roach x8  
  94  6:35  Roach  
  93  6:41  Ravager  
  83  6:49  Roach x6  
  95  6:55  Zergling x8  
  99  7:02  Overlord x2  
  99  7:03  Drone  
  99  7:04  Ravager  
  99  7:08  Drone  
  102  7:12  Queen  
  102  7:13  Queen  
  102  7:14  Overlord  
  106  7:25  Ravager  
  106  7:26  Roach x2  
  111  7:33  Overlord  
  111  7:42  Extractor  
  109  7:50  Roach x5  
  100  7:58  Roach x2  
  99  8:10  Overlord  
  99  8:13  Drone x2  
  99  8:14  Overlord  
  99  8:15  Drone x6  
  107  8:28  Roach x6  
  119  8:36  Ravager  
  119  8:40  Drone  
  119  8:41  Extractor, Drone x4  
  124  8:47  Drone x3  
  127  8:54  Ravager  
  127  8:55  Ravager  
  129  9:00  Overlord, Drone  
  129  9:01  Drone x4  
  134  9:06  Hydralisk Den  
  133  9:30  Spine Crawler, Extractor  
  131  9:33  Roach x11  
  131  9:35  Overlord  
  153  9:44  Zergling x18  
  142  9:53  Zergling x4  
  139  10:01  Zergling x12  
  139  10:05  Roach x3  
  151  10:07  Muscular Augments  
  151  10:16  Drone x2  
  151  10:17  Hydralisk  
  155  10:21  Ravager  
  155  10:22  Ravager x3, Hatchery  
  155  10:27  Spore Crawler  
  156  10:37  Lurker Den  
  156  10:39  Roach x3  
  156  10:41  Zergling x2  
  156  10:42  Zergling x10  
  159  10:56  Evolution Chamber  
  158  10:58  Evolution Chamber  
  158  11:01  Overlord  
  158  11:03  Hydralisk x6  
  169  11:29  Zerg Ground Armor Level 1, Zerg Missile Weapons Level 1  
  169  11:38  Infestation Pit, Hydralisk x3  
  174  11:42  Overlord x2  
  174  11:44  Drone  
  175  11:48  Queen x2  
  175  11:49  Queen  
  180  12:01  Hydralisk  
  180  12:02  Hydralisk x5  
  175  12:17  Roach x8  
  175  12:22  Ravager  
  190  12:25  Overseer  
  190  12:28  Drone  
  191  12:31  Extractor x2  
  189  12:37  Hive  
  189  12:50  Lurker  
  190  12:52  Lurker  
  191  13:00  Drone  
  191  13:01  Drone x7  
  199  13:12  Pneumatized Carapace  
  199  13:28  Zerg Missile Weapons Level 2  
  199  13:29  Zerg Ground Armor Level 2  
  199  13:48  Overseer  
  123  14:28  Zergling x2  
  123  14:29  Zergling x22  
  123  14:30  Roach  
  123  14:31  Roach x16  
  124  14:32  Zergling x6  
  124  14:33  Zergling x14  
  131  14:40  Roach x2  
  131  14:41  Roach x2  
  131  14:45  Roach, Viper x4  
  153  14:55  Hydralisk x5  
  135  15:16  Overseer x4  
  135  15:20  Hydralisk x4  
  143  15:23  Hydralisk  
  145  15:42  Hydralisk x3  
  145  15:43  Hydralisk x3  
  145  15:45  Roach x2  
  145  15:46  Zergling x4  
  145  15:47  Zergling x20  
  173  16:01  Spine Crawler  
  172  16:05  Spine Crawler  
  172  16:09  Hydralisk x2  
  175  16:11  Overlord x4  
  175  16:12  Overlord x2  
  175  16:13  Hatchery  
  174  16:26  Roach  
  174  16:27  Overlord x2  
  163  16:46  Zergling x2  
  148  16:47  Zergling x24  
  132  16:58  Roach x4  
  138  17:02  Viper  
  138  17:03  Viper x2  
  125  17:30  Hydralisk x4  
  125  17:31  Hydralisk x7  
  125  17:33  Roach x5  
  145  17:42  Queen  
  145  17:43  Queen  
  149  17:55  Roach x5  
  149  17:56  Roach x5  
  169  18:16  Roach x9  
  169  18:17  Zergling x2  
  169  18:18  Zergling x22  
  199  18:22  Baneling  
  199  18:23  Baneling  
  199  18:26  Overlord x3  
  199  18:27  Overseer  
  199  18:29  Extractor, Overseer  
  199  18:30  Overseer  
  199  18:33  Spine Crawler, Overseer, Extractor  
  175  18:46  Roach x6  
Show
View Real Time Build Order
Export as new Build Order

Haans Zerg - Winner!

Build Orders: Hatch First, Lurkers 

Get SALT Encoding   

  12  0:01  Drone  
  13  0:10  Drone  
  14  0:18  Overlord  
  14  0:39  Drone  
  15  0:47  Hatchery  
  14  0:54  Drone x2  
  16  0:58  Drone  
  17  1:13  Spawning Pool  
  17  1:17  Drone  
  17  1:20  Drone  
  18  1:30  Drone  
  19  1:38  Drone  
  20  1:48  Drone  
  21  1:59  Drone  
  21  2:00  Drone  
  21  2:01  Queen x2  
  27  2:11  Drone  
  27  2:13  Overlord  
  28  2:23  Spine Crawler  
  28  2:27  Drone  
  28  2:30  Spine Crawler  
  28  2:31  Drone x3  
  30  2:42  Queen  
  30  2:43  Queen  
  34  2:48  Drone x2  
  36  3:09  Overlord x2  
  36  3:16  Roach Warren  
  36  3:17  Extractor  
  36  3:18  Drone x2  
  36  3:19  Extractor, Drone x2  
  36  3:28  Drone x3  
  36  3:31  Drone  
  40  3:38  Drone  
  41  3:52  Drone x3  
  44  4:00  Drone x5  
  47  4:09  Lair  
  47  4:10  Drone x2  
  47  4:15  Drone x2  
  51  4:25  Hatchery  
  50  4:34  Extractor  
  49  4:42  Roach  
  49  4:43  Overlord x3  
  49  4:44  Drone  
  52  5:01  Roach x6  
  64  5:08  Roach x4  
  64  5:09  Roach x2  
  76  5:33  Drone  
  76  5:46  Overlord x3  
  76  5:47  Hatchery  
  75  5:50  Extractor  
  75  5:54  Hydralisk Den  
  73  5:59  Evolution Chamber x2, Drone x4  
  73  6:00  Overlord x2  
  73  6:02  Drone  
  76  6:14  Roach x6  
  88  6:25  Roach  
  88  6:26  Roach, Glial Reconstitution  
  84  6:33  Roach  
  84  6:36  Roach x4  
  84  6:38  Roach x2  
  96  6:41  Roach  
  96  6:47  Roach  
  96  6:51  Roach  
  98  6:55  Queen x2  
  98  6:57  Roach  
  98  7:01  Roach x4  
  112  7:06  Roach  
  114  7:14  Roach x2  
  114  7:15  Roach  
  120  7:25  Zerg Missile Weapons Level 1  
  120  7:26  Zerg Ground Armor Level 1  
  120  7:39  Roach  
  120  7:42  Overlord x5  
  120  7:47  Roach x3  
  120  7:48  Roach  
  120  7:49  Roach  
  108  7:52  Roach  
  96  8:01  Roach x3  
  96  8:05  Roach x2  
  98  8:11  Roach x2  
  98  8:23  Roach x4  
  106  8:30  Roach x2  
  106  8:31  Roach  
  112  8:36  Roach  
  112  8:39  Roach  
  116  8:47  Drone x4  
  116  8:48  Drone x2  
  122  8:53  Drone x2  
  122  8:54  Drone  
  125  9:08  Roach x5  
  135  9:12  Roach  
  137  9:24  Roach x5  
  137  9:25  Roach  
  137  9:28  Roach  
  149  9:45  Roach x6  
  153  9:46  Overlord x2  
  153  9:55  Overlord  
  153  9:56  Overlord, Drone  
  154  10:05  Lurker Den  
  153  10:09  Extractor, Drone x5  
  153  10:10  Drone x3  
  160  10:15  Queen  
  162  10:22  Extractor  
  162  10:26  Hatchery  
  160  10:31  Roach x3  
  166  10:43  Drone x4  
  166  10:44  Overlord x2, Drone x2  
  172  11:03  Hydralisk x3  
  172  11:04  Hydralisk x4  
  186  11:14  Spore Crawler  
  185  11:18  Hydralisk  
  185  11:19  Hydralisk x2  
  185  11:20  Spore Crawler  
  185  11:22  Grooved Spines  
  190  11:43  Hydralisk x5  
  190  11:47  Zerg Missile Weapons Level 2  
  200  11:49  Zerg Ground Armor Level 2  
  200  12:04  Infestation Pit  
  200  12:06  Roach  
  200  12:07  Lurker  
  180  12:21  Hydralisk x4  
  180  12:22  Roach x6  
  200  12:33  Muscular Augments  
  200  12:36  Extractor, Overseer  
  199  12:37  Extractor  
  199  12:38  Roach  
  200  12:44  Overlord  
  200  12:45  Overlord x2  
  200  12:49  Hive  
  200  12:50  Pneumatized Carapace  
  200  13:01  Overseer  
  200  13:02  Overseer  
  200  13:12  Spore Crawler  
  199  13:13  Spine Crawler x2  
  199  13:14  Spine Crawler x2  
  195  13:20  Spore Crawler  
  195  13:21  Spore Crawler  
  195  13:22  Spine Crawler  
  195  13:23  Spine Crawler, Hydralisk  
  195  13:24  Spine Crawler  
  195  13:25  Lurker  
  195  13:26  Lurker x5  
  198  13:27  Lurker  
  198  13:29  Lurker  
  200  13:35  Overlord  
  200  13:53  Overseer x4  
  200  13:54  Overseer  
  123  14:25  Hydralisk  
  123  14:26  Roach x5, Hydralisk x3  
  123  14:27  Roach  
  111  14:40  Lurker x3  
  111  14:41  Lurker  
  111  14:44  Roach, Hydralisk  
  119  14:52  Zerg Missile Weapons Level 3  
  119  15:03  Queen  
  117  15:07  Hydralisk  
  117  15:08  Roach  
  117  15:12  Roach  
  119  15:18  Roach x2  
  123  15:30  Hydralisk  
  123  15:31  Roach x2  
  123  15:34  Roach  
  131  15:39  Roach  
  133  15:44  Roach, Hydralisk  
  137  15:51  Roach x2  
  137  15:57  Drone x2  
  143  15:59  Drone  
  143  16:00  Drone  
  143  16:03  Drone  
  146  16:19  Zerg Ground Armor Level 3  
  146  16:22  Drone x2  
  148  16:29  Hydralisk  
  148  16:30  Roach  
  146  16:43  Roach x2, Hydralisk  
  146  16:44  Roach  
  138  16:48  Roach  
  138  16:49  Roach  
  138  16:52  Roach  
  110  17:07  Hydralisk x2  
  110  17:08  Roach x3  
  120  17:09  Roach  
  120  17:13  Roach  
  120  17:15  Roach  
  122  17:17  Roach  
  122  17:20  Roach  
  118  17:23  Roach  
  118  17:25  Roach  
  118  17:28  Hydralisk  
  114  17:32  Roach  
  114  17:34  Roach  
  118  17:37  Lurker  
  118  17:38  Lurker  
  118  17:39  Lurker  
  118  17:41  Lurker  
  118  17:43  Lurker  
  123  17:44  Lurker  
  123  17:46  Lurker  
  123  17:48  Lurker  
  126  18:10  Roach x4  
  134  18:18  Overseer  
  134  18:19  Overseer x2  
  134  18:20  Overlord x2  
  134  18:25  Hatchery  
  133  18:29  Roach  
  133  18:30  Overlord x2, Drone  
  136  18:41  Roach x2, Hydralisk  
  130  18:43  Roach x2  
Tags
 
Composition
Lurkers
Matchup
ZvZ
Race
Zerg
Spawn Locations
Cross Positions
Add a new tag
Caveats
  • Supply blocks, unpowered buildings, or Contaminate may cause inaccurate times.
  • Supply counts are checked every 10 seconds.